 Dungeon Crawl Stone Soup version 0.24-a0-161-g3f7990a (webtiles) character file.

Game seed: 1892078908222715824

4713 pmoppi the Slicer (level 10, -3/55 HPs)
             Began as a Vine Stalker Assassin on Mar 5, 2019.
             Was a Priest of Wu Jian.
             Slain by a wolf spider zombie (12 damage)
             ... on level 9 of the Dungeon.
             The game lasted 00:19:18 (7678 turns).

pmoppi the Slicer (Vine Stalker Assassin)           Turns: 7678, Time: 00:19:19

Health: -3/55      AC:  8    Str: 15    XL:     10   Next: 45%
Magic:  0/11       EV: 17    Int: 11    God:    Wu Jian [***...]
Gold:   380        SH:  5    Dex: 18    Spells: 9/9 levels left

rFire    + . .     SeeInvis .   w - +0 rapier
rCold    . . .     Gourm    .   G - +0 buckler
rNeg     . . .     Faith    .   k - +0 ring mail
rPois    .         Spirit   +   (no helmet)
rElec    .         Reflect  .   x - +1 cloak
rCorr    .         Harm     .   (no gloves)
MR       +....                  I - +0 pair of boots
Stlth    +++.......             z - amulet of the acrobat
HPRegen  0.58/turn              E - ring of protection from fire
MPRegen  0.12/turn              D - +6 ring of evasion

@: no status effects
A: fangs 3, regeneration 1, magic shield, antimagic bite, no potion heal 3, rot
immunity
a: Wall Jump, Serpent's Lash, Renounce Religion


You were on level 9 of the Dungeon.
You worshipped Wu Jian.
Wu Jian was most pleased with you.
You were not hungry.

You visited 2 branches of the dungeon, and saw 10 of its levels.

You collected 380 gold pieces.

Inventory:

Hand Weapons
 a - a +3 dagger of venom
 b - a +0 blowgun
 n - a +2 dagger
 w - a +0 rapier (weapon)
 C - a +0 dagger of draining
Missiles
 e - 41 poisoned needles
 f - 2 curare-tipped needles
 h - a throwing net
 o - 182 stones (quivered)
 H - 7 tomahawks
Armour
 k - a +0 ring mail (worn)
 x - a +1 cloak (worn)
 G - a +0 buckler (worn)
 I - a +0 pair of boots (worn)
Jewellery
 z - an amulet of the acrobat (around neck)
 D - a +6 ring of evasion (right hand)
 E - a ring of protection from fire (left hand)
Wands
 c - a wand of scattershot (8)
 d - a wand of acid (31)
 v - a wand of clouds (4)
 y - a wand of disintegration (21)
 A - a wand of enslavement (9)
Scrolls
 i - a scroll of teleportation
 j - a scroll of amnesia
 l - 2 scrolls of immolation {unknown}
 r - 2 scrolls of enchant weapon
 s - 4 scrolls of remove curse
Potions
 m - a potion of lignification {unknown}
 p - 2 potions of berserk rage
 q - a potion of might
 t - a potion of mutation {unknown}
 u - a potion of resistance {unknown}
 B - a potion of haste {unknown}
 F - 4 potions of flight {unknown}
 J - a potion of magic {unknown}
Comestibles
 g - 24 rations
 K - 3 chunks of flesh


   Skills:
 + Level 7.3 Fighting
 - Level 10.0 Short Blades
 + Level 2.3 Throwing
 + Level 1.4 Dodging
 - Level 8.0 Stealth
 - Level 4.0 Shields


You had 9 spell levels left.
You didn't know any spells.
Your spell library was empty.

Dungeon Overview and Level Annotations

Branches:
Dungeon (9/15)             Temple (1/1) D:4
   Lair: D:8-11         Orc: D:9-12

Altars:
Cheibriados
Dithmenos
Elyvilon
Fedhas
Gozag
Hepliaklqana
Kikubaaqudgha
Makhleb
Nemelex Xobeh
Okawaru
Qazlal
Ru
Sif Muna
Trog
Uskayaw
Vehumet
Wu Jian
Xom
Yredelemnul
Zin
The Shining One

Shops:
D:4 ?

Annotations:
D:6 2 transporters, terrorsythe's ghost, novice TrFi
D:7 2 transporters, zbzbzb's ghost, novice MfIE
D:9 1 transporter


Innate Abilities, Weirdness & Mutations

You have razor-sharp teeth.
Your natural rate of healing is unusually fast.
When hurt, damage is shared between your health and your magic reserves.
Your bite disrupts and absorbs the magic of your enemies.
Potions cannot restore your health.
You are immune to rotting.


Message History

The hellwing hits you. x2
You hit the hellwing but do no damage.
The hellwing is severely wounded.
The wolf spider zombie completely misses you.
The wolf spider zombie misses you.
You hit the hellwing but do no damage. Your bite misses the hellwing.
The hellwing is severely wounded.
The hellwing barely misses you. The hellwing misses you.
The wolf spider zombie hits you!
The wolf spider zombie completely misses you.
You hit the hellwing but do no damage.
The hellwing is severely wounded.
You block the wolf spider zombie's attack.
The wolf spider zombie bites you. The hellwing hits you!
* * * LOW HITPOINT WARNING * * *
The hellwing hits you.
* * * LOW HITPOINT WARNING * * *
There is a stone staircase leading up here.
The wolf spider zombie hits you!
You die...

######### ######################
......))# #...##...............#
..#####)# #.#....#############.#
#.# #...#### #.# #.#####.#### #.#
#)........@# #.# ##########.##Z#
#.# . ..####......4# #.# .
#.##.(.(..#..# #.#
.####.##.###.....####### #.#
.##......# #...<.......[ .. #.#
$........###.#...##.#######.###..
.#..#.#......##.#............###.
..........#...#..........##..# #.


You could see a hellwing and a wolf spider zombie.

Vanquished Creatures
  A centaur zombie (D:9)
  2 centaur skeletons (D:9)
  A hornet (D:9)
  A human (D:7)
  4 hogs (D:7)
  3 ice beasts
  2 orc warriors
  A hornet zombie (D:5)
  2 black bears
  A phantom (D:6)
  An ogre (D:8)
  A centaur (D:9)
  Blork the orc (D:4)
  A big kobold (D:8)
  A bullfrog (D:7)
  2 wyvern zombies (D:9)
  A water moccasin zombie (D:8)
  2 scorpions
  6 wights (D:7)
  4 killer bees (D:7)
  4 crimson imps
  A jelly (D:7)
  4 hounds
  3 orc priests
  6 orc wizards
  3 iguanas
  4 worker ants
  A hound skeleton (D:6)
  A hound zombie (D:4)
  A worker ant zombie (D:7)
  3 gnolls (D:6)
  7 adders
  4 shadow imps
  2 oozes (D:3)
  3 worms
  2 dart slugs
  7 leopard geckos
  18 orcs
  6 bats
  9 giant cockroaches
  8 goblins
  7 hobgoblins
  4 jackals
  3 quokkas
  2 ball pythons
  6 frilled lizards
  A jackal skeleton (D:4)
  15 kobolds
  2 quokka skeletons (D:6)
  12 rats
187 creatures vanquished.

Notes
Turn   | Place    | Note
-------+----------+-------------------------------------------
     0 | D:1      | pmoppi the Vine Stalker Assassin began the quest for the
                  | Orb.
     0 | D:1      | Reached XP level 1. HP: 11/11 MP: 2/2
   146 | D:1      | Reached skill level 2 in Short Blades
   212 | D:1      | Reached skill level 5 in Stealth
   212 | D:1      | Reached XP level 2. HP: 15/15 MP: 3/3
   878 | D:1      | Reached XP level 3. HP: 18/18 MP: 4/4
  1624 | D:2      | Reached skill level 3 in Short Blades
  1624 | D:2      | Gained mutation: Your natural rate of healing is unusually
                  | fast. [Vine Stalker growth]
  1624 | D:2      | Reached XP level 4. HP: 23/23 MP: 5/5
  2323 | D:3      | Reached XP level 5. HP: 27/27 MP: 6/6
  2575 | D:4      | Found a staircase to the Ecumenical Temple.
  2601 | Temple   | Entered the Ecumenical Temple
  2822 | D:4      | Reached skill level 4 in Short Blades
  2876 | D:4      | Noticed a black bear
  2894 | D:4      | Killed a black bear
  2894 | D:4      | Reached XP level 6. HP: 17/32 MP: 5/7
  2954 | D:4      | Noticed Blork the orc
  2970 | D:4      | Killed Blork the orc
  3222 | D:4      | Found Ajumehez's Magic Scroll Emporium.
  3374 | D:5      | Entered Level 5 of the Dungeon
  3445 | D:5      | Found an ornate altar of the Wu Jian Council.
  3468 | D:5      | Became a worshipper of the Wu Jian Council
  3556 | D:5      | You fall through a shaft for 3 floors!
  3563 | D:8      | Reached XP level 7. HP: 36/36 MP: 8/8
  3575 | D:8      | Reached skill level 5 in Short Blades
  3845 | D:7      | Noticed a two-headed ogre
  3847 | D:7      | Found a transporter.
  3853 | D:7      | Noticed a moth of wrath
  3899 | D:7      | Found a transporter.
  4242 | D:5      | Reached skill level 6 in Short Blades
  4242 | D:5      | Gained mutation: You have razor-sharp teeth. [Vine Stalker
                  | growth]
  4242 | D:5      | Reached XP level 8. HP: 13/42 MP: 3/9
  4303 | D:5      | Found a shadowy altar of Dithmenos.
  4820 | D:6      | Found a transporter.
  4828 | D:6      | Reached * piety under Wu Jian
  4835 | D:6      | Found a basalt altar of Yredelemnul.
  4871 | D:6      | Found a transporter.
  4872 | D:6      | Noticed terrorsythe's ghost (novice TrFi)
  4873 | D:6      | Noticed a wraith
  5441 | D:6      | Reached skill level 5 in Fighting
  5441 | D:6      | Reached skill level 7 in Short Blades
  5966 | D:7      | Reached XP level 9. HP: 37/47 MP: 6/10
  6017 | D:7      | Reached skill level 8 in Short Blades
  6122 | D:7      | Reached ** piety under Wu Jian
  6141 | D:7      | Found a white marble altar of Elyvilon.
  6268 | D:7      | Reached skill level 1 in Shields
  6370 | D:7      | Noticed zbzbzb's ghost (novice MfIE)
  6383 | D:7      | Found a bloodstained altar of Trog.
  6565 | D:7      | Reached skill level 9 in Short Blades
  6819 | D:8      | Reached XP level 10. HP: 41/53 MP: 7/11
  6980 | D:8      | Found a glowing golden altar of the Shining One.
  6982 | D:8      | Found a bloodstained altar of Trog.
  6983 | D:8      | Found a blossoming altar of Fedhas.
  6983 | D:8      | Found a burning altar of Makhleb.
  6983 | D:8      | Found a sacrificial altar of Ru.
  6984 | D:8      | Found a snail-covered altar of Cheibriados.
  7360 | D:9      | Found a transporter.
  7422 | D:9      | Reached *** piety under Wu Jian
  7496 | D:9      | Reached skill level 10 in Short Blades
  7638 | D:9      | Reached skill level 1 in Dodging
  7678 | D:9      | Slain by a wolf spider zombie

Levels and vault maps discovered:
D:1:      dpeg_arrival_tiny_d, layout_basic, nrook_mini_backslash,
          glass_columns_a
D:2:      layout_rooms, first_ration
D:3:      layout_rooms
D:4:      layout_basic, minmay_temple_entry_mini_moons, serial_shops,
          kennysheep_mini, uniq_blork_the_orc
D:5:      layout_loops_corners, old_standard_altar, marbit_many_paths
D:6:      layout_layer_cave, lemuel_coloured_pillars_altar,
          gammafunk_ghost_mausoleum
D:7:      minmay_recursive_quarters, layout_basic, elyvilon_altar_3,
          gammafunk_ghost_wrathful_warriors, grunt_livestock
D:8:      layout_basic, grunt_temple_overflow_open
D:9:      cheibrodos_grave_circle, layout_loops_ring,
          nicolae_ashenzari_panopticon, gammafunk_ghost_stat_death
Temple:   minmay_temple_curvy_loop

Skill      XL: |  1  2  3  4  5  6  7  8  9 10 |
---------------+-------------------------------+-----
Short Blades   | 2 3 4 6 7 9 10 | 10.0
Stealth        | 5 6 7 8 |  8.0
Fighting       | 2 3 4 5 6 7 |  7.3
Shields        | 3 4 |  4.0
Throwing       | 2 |  2.3
Dodging        | 1 |  1.4

Action                   |  1- 3 |  4- 6 |  7- 9 | 10-12 || total
-------------------------+-------+-------+-------+-------++-------
Melee: Dagger            |   105 |   134 |   342 |    40 ||   621
       Bite              |    23 |    48 |   129 |    59 ||   259
       Rapier            |       |       |       |    80 ||    80
 Fire: Blowgun           |       |     2 |       |       ||     2
Invok: Lunge             |       |       |    32 |    11 ||    43
       Whirlwind         |       |       |    19 |    10 ||    29
  Use: Scroll            |       |     6 |     5 |       ||    11
 Stab: Sleeping          |     9 |     7 |    21 |     5 ||    42
       Distracted        |       |     1 |       |     1 ||     2
  Eat: Chunk             |     2 |     6 |    11 |     3 ||    22
Armor: Ring mail         |    35 |    36 |    66 |    22 ||   159
Dodge: Dodged            |    44 |    69 |    97 |    76 ||   286
Block: Buckler           |       |       |       |    31 ||    31

Table legend:
 A = Non-vault XP
 B = Vault XP
 C = Vault XP percentage of total XP
 D = Non-vault monster count
 E = Vault monster count
 F = Vault count percentage of total count
                 A         B        C        D         E       F
            +---------+---------+-------+---------+---------+-------
      Total |    3757 |    2976 |  44.2 |     167 |      20 |  10.7
            +---------+---------+-------+---------+---------+-------
        D:1 |      61 |       0 |   0.0 |      29 |       0 |   0.0
        D:2 |      43 |       0 |   0.0 |      20 |       0 |   0.0
        D:3 |      61 |       0 |   0.0 |      24 |       0 |   0.0
        D:4 |     350 |      99 |  22.0 |      15 |       1 |   6.2
        D:5 |     187 |     127 |  40.4 |       3 |       1 |  25.0
        D:6 |     422 |       0 |   0.0 |      15 |       0 |   0.0
        D:7 |    1138 |    1286 |  53.1 |      30 |      13 |  30.2
        D:8 |     946 |       0 |   0.0 |      22 |       0 |   0.0
        D:9 |     549 |    1464 |  72.7 |       9 |       5 |  35.7
            +---------+---------+-------+---------+---------+-------
